 Dungeon Crawl Stone Soup version 0.28.0-53-g5a82cb258f (webtiles) character file.

Game seed: 14939357731127898854

616 Acheron the Conjurer (level 7, -1/55 HPs)
             Began as a White Draconian Conjurer on June 12, 2022.
             Was an Initiate of Nemelex Xobeh.
             Slain by a wyvern zombie (7 damage)
             ... on level 5 of the Dungeon.
             The game lasted 00:22:45 (3973 turns).

Acheron the Conjurer (White Draconian Conjurer)     Turns: 3973, Time: 00:22:46

Health: -1/55      AC: 13    Str: 10    XL:     7   Next: 21%
Magic:  4/12       EV: 12    Int: 24    God:    Nemelex Xobeh [......]
Gold:   187        SH:  0    Dex: 11    Spells: 7/13 levels left

rFire   . . .      SeeInvis .   i - +2 short sword (protect)
rCold   + . .      Faith    .   (no shield)
rNeg    . . .      Spirit   .   (armour unavailable)
rPois   .          Reflect  .   (helmet restricted)
rElec   .          Harm     .   (no cloak)
rCorr   .          Rampage  .   (no gloves)
Will    .....                   (no boots)
Stlth   ++........              (no amulet)
HPRegen 0.18/turn               g - +6 ring of intelligence
MPRegen 0.13/turn               (no ring)

@: under a protective aura, hasted, very quick
A: breathe frost, AC +6, unfitting armour, cold resistance 1, cold-blooded
a: Breathe Frost, Renounce Religion, Draw Escape, Draw Destruction, Draw
Summoning


You were on level 5 of the Dungeon.
You worshipped Nemelex Xobeh.
Nemelex Xobeh was noncommittal.
You visited 2 branches of the dungeon, and saw 6 of its levels.

You collected 187 gold pieces.

Inventory:

Hand Weapons
 i - a +2 short sword of protection (weapon)
 k - a +1 dagger of speed
 m - a +0 war axe
Missiles
 d - 2 boomerangs of dispersal
 e - 6 poisoned darts (quivered)
 j - 5 silver boomerangs
Armour
 a - an orb of light
Jewellery
 g - a +6 ring of intelligence (left hand)
Scrolls
 c - a scroll of amnesia
 h - 2 scrolls of identify
Potions
 f - 2 potions of curing
 l - a potion of lignification


   Skills:
 * Level 2.2 Fighting
 * Level 2.9 Short Blades
 * Level 1.5 Throwing
 * Level 2.6 Dodging
 * Level 2.8 Stealth
 * Level 2.0 Unarmed Combat
 * Level 3.5 Spellcasting
 * Level 4.9 Conjurations
 * Level 1.0 Hexes
 * Level 1.1 Invocations


You had 7 spell levels left.
You knew the following spells:

 Your Spells              Type           Power      Damage    Failure   Level
a - Magic Dart            Conj           100%       1d8       1%          1
b - Searing Ray           Conj           56%        2d6       1%          2
c - Dazzling Flash        Conj/Hex       36%        N/A       9%          3

Your spell library contained the following spells:

 Spells                   Type           Power      Damage    Failure   Level
 Sting                    Tmut/Pois      16%        1d3       11%         1
 Spider Form              Tmut/Pois      4%         N/A       30%         3
 Fulminant Prism          Conj/Hex       9%         3d7       30%         4
 Iskenderun's Mystic Bla  Conj/Tloc      16%        2d5       36%         4
 Petrify                  Tmut/Erth      4%         N/A       71%         4
 Summon Forest            Summ/Tloc      2%         N/A       96%         5
 Monstrous Menagerie      Summ           2%         N/A       100%        7


Dungeon Overview and Level Annotations

Branches:
Dungeon (5/15)             Temple (1/1) D:4

Altars:
Ashenzari
Dithmenos
Elyvilon
Fedhas
Gozag
Hepliaklqana
Kikubaaqudgha
Makhleb
Nemelex Xobeh
Okawaru
Qazlal
Ru
Sif Muna
Trog
Uskayaw
Vehumet
Wu Jian
Xom
Yredelemnul
Zin
The Shining One

Shops:
D:2 [

Annotations:
D:3 exclusion: downstairs, Jessica
D:4 exclusion: downstairs


Innate Abilities, Weirdness & Mutations

You can breathe waves of freezing cold which knock back foes.
Your icy white scales are hard. (AC +6)
You cannot fit into any form of body armour.
Your flesh is cold resistant. (rC+)
You are cold-blooded and may be slowed by cold attacks.


Message History

The wyvern zombie is heavily damaged.
The wyvern zombie bites you!
* * * LOW HITPOINT WARNING * * *
You hit the wyvern zombie.
You tail-slap the wyvern zombie, but do no damage.
The wyvern zombie is severely damaged.
The wyvern zombie barely misses you.
You hit the wyvern zombie but do no damage.
The wyvern zombie is severely damaged.
The wyvern zombie bites you but does no damage.
You hit the wyvern zombie.
The wyvern zombie is severely damaged.
The wyvern zombie bites you but does no damage.
You hit the wyvern zombie but do no damage.
The wyvern zombie is severely damaged.
You barely miss the wyvern zombie.
You tail-slap the wyvern zombie, but do no damage.
The wyvern zombie is severely damaged.
The wyvern zombie closely misses you.
You completely miss the wyvern zombie.
The wyvern zombie is severely damaged.
The wyvern zombie bites you but does no damage.
You hit the wyvern zombie. You tail-slap the wyvern zombie.
The wyvern zombie is severely damaged.
The wyvern zombie bites you but does no damage.
Casting: Searing Ray (safe; 1% risk of failure)
Confirm with . or Enter, or press ? or * to list all spells.
Aiming: Searing Ray (safe; 1% risk of failure)
Press: ? - help, Shift-Dir - straight line, f - wyvern zombie
Aim: a wyvern zombie (severely damaged, 93% to hit)
The searing ray hits the wyvern zombie.
The wyvern zombie is severely damaged. (Press . to maintain the ray.)
The wyvern zombie bites you.
* * * LOW HITPOINT WARNING * * *
The searing ray hits the wyvern zombie.
The wyvern zombie is almost destroyed.
The wyvern zombie bites you!
You die...
Your body disappears without a glow.

#...........
....).......
............ ..#####
....h....... ...#...###
............ .....#...#
............ ...###..#
####............ ..#
#..#...#####..........
#..
##...#...Z@..####.....#
##.## ##......#####
##.# ##...###.....###
..# #..#..#..#..## #.#
#.###...###.# ###..#
...#..#..#..########
##...#
#...###...##..<...#
#<.###
####.##..####..[...#
#.## .[......##
#......##..#


You could see a wyvern zombie.

Vanquished Creatures
  Prince Ribbit (D:5)
  A necrophage (D:4)
  A phantom (D:5)
  Blork the orc (D:5)
  A jelly (D:4)
  A hound (D:4)
  A bullfrog skeleton (D:3)
  A howler monkey skeleton (D:4)
  2 gnolls (D:3)
  2 adders (D:4)
  2 worms (D:2)
  An orc (D:5)
  2 bats
  6 endoplasms
  5 giant cockroaches
  6 goblins
  7 hobgoblins
  3 quokkas
  4 ball pythons
  A frilled lizard (D:2)
  8 kobolds
  A rat (D:2)
58 creatures vanquished.

Vanquished Creatures (others)
  3 fungi (D:2)
  6 plants
9 creatures vanquished.

Grand Total: 67 creatures vanquished

Notes
Turn   | Place    | Note
-------+----------+-------------------------------------------
     0 | D:1      | Acheron the Draconian Conjurer began the quest for the Orb.
     0 | D:1      | Reached XP level 1. HP: 14/14 MP: 3/3
   245 | D:1      | Reached XP level 2. HP: 16/20 MP: 5/5
   569 | D:1      | Learned a level 2 spell: Searing Ray
   992 | D:2      | Found Erhofoz's Antique Armour Shoppe.
  1045 | D:2      | Reached XP level 3. HP: 18/27 MP: 4/6
  1394 | D:2      | Got Ziclea's Compendium of Companions and Moulding
  1839 | D:3      | Reached skill level 1 in Fighting
  1839 | D:3      | Reached XP level 4. HP: 34/35 MP: 3/7
  1990 | D:3      | Noticed a gnoll sergeant
  2052 | D:3      | Learned a level 3 spell: Dazzling Flash
  2065 | D:3      | Reached skill level 1 in Unarmed Combat
  2281 | D:3      | Noticed Jessica
  2632 | D:4      | Reached skill level 1 in Short Blades
  2726 | D:5      | Entered Level 5 of the Dungeon
  2753 | D:4      | Noticed a necrophage
  2754 | D:4      | Noticed a black bear
  2908 | D:4      | Reached XP level 5. HP: 40/40 MP: 9/9
  3082 | D:4      | Found a staircase to the Ecumenical Temple.
  3088 | Temple   | Entered the Ecumenical Temple
  3273 | Temple   | Became a worshipper of Nemelex Xobeh the Trickster
  3336 | D:4      | Killed a necrophage
  3337 | D:4      | Reached skill level 1 in Throwing
  3534 | D:5      | Noticed Prince Ribbit
  3545 | D:4      | Reached XP level 6. HP: 38/48 MP: 2/10
  3674 | D:5      | Noticed Blork the orc
  3690 | D:5      | Killed Blork the orc
  3955 | D:5      | Killed Prince Ribbit
  3956 | D:5      | Reached skill level 1 in Hexes
  3956 | D:5      | Reached skill level 1 in Invocations
  3956 | D:5      | Your scales start taking on an icy white colour.
  3956 | D:5      | Reached XP level 7. HP: 13/55 MP: 6/12
  3956 | D:5      | Gained mutation: Your flesh is cold resistant. (rC+) [White
                  | Draconian growth]
  3973 | D:5      | Slain by a wyvern zombie

Illustrated notes

Levels and vault maps discovered:
D:1:      erik_arrival_blinker_ship, layout_loops_cross
D:2:      layout_loops_ring, shapermc_ecumenical_altar_mp_urbaneastern,
          serial_shops, nicolae_shop_crystal, minmay_misc_feat_more_columns
D:3:      layout_basic, serial_bayou_pond_b, kennysheep_jessica_study
D:4:      layout_rooms, minmay_temple_entry_enclosed_plants
D:5:      layout_rooms, serial_glass, glass_columns_a, glass_columns_a,
          glass_columns_a, glass_columns_a, due_unseen_surprise,
          minmay_strange_pillars, item_on_display_a, item_on_display_a,
          minmay_between, uniq_blork_the_orc, uniq_prince_ribbit1
Temple:   minmay_crystal_snake_temple

Skill      XL: |  1  2  3  4  5  6 |
---------------+-------------------+-----
Stealth        | 2 |  2.8
Dodging        | 2 |  2.6
Fighting       | 1 2 |  2.2
Unarmed Combat | 1 2 |  2.0
Short Blades   | 1 2 |  2.9
Throwing       | 1 |  1.5
Spellcasting   | 3 |  3.5
Hexes          | 1 |  1.0
Invocations    | 1 |  1.1
Conjurations   | |  4.9

Action                   |  1- 3 |  4- 6 |  7- 9 || total
-------------------------+-------+-------+-------++-------
Melee: Whip              |    13 |       |       ||    13
       Short sword       |    58 |    50 |    15 ||   123
       Tailslap          |     6 |     8 |     4 ||    18
       Punch             |     1 |     1 |       ||     2
 Cast: Magic Dart        |    57 |    23 |       ||    80
       Searing Ray       |       |    14 |     1 ||    15
  Use: Scroll            |       |     8 |       ||     8
       Potion            |       |       |     1 ||     1
Armor: Skin              |    23 |    16 |     9 ||    48
Dodge: Dodged            |    41 |    32 |     4 ||    77
